 Dungeon Crawl Stone Soup version 0.31-a0-700-gf13585253f (webtiles) character file.

Game seed: 9492766205028830309

67125 qw the Marksgargoyle (level 15, -27/98 HPs)
             Began as a Gargoyle Hunter on Sept 7, 2023.
             Was a High Priest of Okawaru.
             Annihilated by a very large slime creature (46 damage)
             ... on level 13 of the Dungeon.
             The game lasted 00:08:05 (15679 turns).

qw the Marksgargoyle (Gargoyle Hunter)             Turns: 15679, Time: 00:08:05

Health: -27/98     AC: 23    Str: 14    XL:     15   Next: 22%
Magic:  21/22      EV: 24    Int: 12    God:    Okawaru [*****.]
Gold:   1227       SH:  5    Dex: 24    Spells: 14/14 levels left

rFire   + + .        Y - +2 longbow (heavy)
rCold   . . .        (shield currently unavailable)
rNeg    + . .        v - +1 robe of Vines {NoPotionHeal Regen++++}
rPois   inf          p - +2 hat {Will+}
rElec   +            j - +0 cloak "Ivon" {rF+ Regen+ Dex+5}
rCorr   .            h - +2 pair of gloves
SInv    .            c - +0 pair of boots
Will    ++...        d - amulet of reflection
Stlth   ++++         e - ring of protection from fire
HPRegen 4.36/turn    (no ring)
MPRegen 0.18/turn

%: reflection
@: about to teleport, heroic, flying
A: sickness immunity, AC +11, big wings, negative energy resistance 1,
electricity resistance, torment resistance 1, petrification resistance
a: Renounce Religion, Heroism, Finesse, Duel


You were on level 13 of the Dungeon.
You worshipped Okawaru.
Okawaru was extremely pleased with you.
You visited 3 branches of the dungeon, and saw 19 of its levels.

You collected 1410 gold pieces.
You spent 183 gold pieces at shops.


Innate Abilities, Weirdness & Mutations

You are immune to sickness and miasma.
Your stone body is resilient. (AC +11)
You are immune to poison.
Your large and strong wings let you fly.
You resist negative energy. (rN+)
You are resistant to electric shocks. (rElec)
You are resistant to unholy torment.
You are immune to petrification.


   Skills:
 - Level 13.0(18.0) Fighting
 + Level 19.3(24.3) Ranged Weapons
 - Level 4.1(9.1) Armour
 - Level 9.0(14.0) Dodging
 - Level 1.1(6.1) Stealth
 - Level 10.1 Invocations


You had 14 spell levels left.
You didn't know any spells.
Your spell library was empty.

Inventory:

Hand Weapons
 Y - a +2 heavy longbow (weapon)
Armour
 c - a +0 pair of boots (worn)
 h - a +2 pair of gloves (worn)
 j - the +0 cloak "Ivon" (worn) {rF+ Regen+ Dex+5}
   (You found it on level 3 of the Dungeon)

   Dex+5:     It affects your dexterity (+5).
   rF+:       It protects you from fire.
   Regen+:    It increases your rate of health regeneration.
 l - a +2 helmet
 p - a +2 hat of willpower (worn)
 v - the +1 robe of Vines (worn) {NoPotionHeal Regen++++}
   (Okawaru gifted it to you on level 5 of the Lair of Beasts)

   NoPotionHeal: Its wearer cannot be healed by potions.
   Regen++++: It increases your rate of health regeneration.
Jewellery
 d - an amulet of reflection (around neck)
 e - a ring of protection from fire (left hand)
Wands
 o - a wand of digging (4)
Scrolls
 b - 3 scrolls of teleportation
 g - 4 scrolls of identify
 i - a scroll of brand weapon
Potions
 a - 6 potions of mutation
 f - 2 potions of resistance
 k - 5 potions of curing
 m - 3 potions of haste
 n - 3 potions of heal wounds
 r - a potion of cancellation

Dungeon Overview and Level Annotations

Branches:
Dungeon (13/15)            Temple (1/1) D:4            Lair (5/5) D:9
 Shoals (0/4) Lair:3        Snake (0/4) Lair:2        Slime (0/5) Lair:4
    Orc (0/2) D:12
 Vaults: D:13-14

Altars:
Ashenzari
Cheibriados
Dithmenos
Elyvilon
Fedhas
Gozag
Hepliaklqana
Kikubaaqudgha
Makhleb
Nemelex Xobeh
Okawaru
Qazlal
Ru
Sif Muna
Trog
Uskayaw
Vehumet
Wu Jian
Xom
Yredelemnul
Zin
The Shining One
Jiyva
Lugonu

Shops:
D:4 [   D:6 **   D:7 *   D:9 *

Portals:
Abyss: Lair:5

Annotations:
D:10 3 runed translucent doors, qw's ghost, journeyman GrHu
D:12 3 runed translucent doors, Plazmod's ghost, journeyman DECj


Message History

The slime creature is severely wounded.
You shoot an arrow. The arrow hits the slime creature.
The slime creature is severely wounded.
The slime creature barely misses you.
Two slime creatures merge to form a large slime creature.
You shoot an arrow.
The arrow hits the large slime creature!!
The large slime creature is heavily wounded.
You shoot an arrow.
The arrow hits the large slime creature!!!
The large slime creature is almost dead.
A slime creature comes into view.
You shoot an arrow.
The arrow hits the large slime creature!
The large slime creature is almost dead.
Two slime creatures merge to form a very large slime creature.
The very large slime creature hits you but does no damage.
15674 ||| INVOKING Heroism.
You gain the combat prowess of a mighty hero.
The very large slime creature hits you but does no damage.
You shoot an arrow.
The arrow hits the very large slime creature.
The very large slime creature is severely wounded.
The very large slime creature completely misses you.
You shoot an arrow.
The arrow hits the very large slime creature!!!
The very large slime creature is almost dead.
The very large slime creature hits you!!!
You shoot an arrow.
The arrow barely misses the very large slime creature.
The very large slime creature completely misses you.
You shoot an arrow.
The arrow hits the very large slime creature!
The very large slime creature is almost dead.
The very large slime creature hits you!!!
15679 ||| READING 4 scrolls of teleportation.
As you read the scroll of teleportation, it crumbles to dust.
You feel strangely unstable.
The very large slime creature hits you!!!
You die...

..............#
......###?....
##...........
.##.#.....# .##.......##
...##......####
...##.........##
#..##.....###..#########
#.........# ##..@J......
###......... #####......
##..#####.. ....? ##>.#
### .... ##.. ... ## ..
#


You could see a very large slime creature.

Vanquished Creatures
  Gastronok (D:8)
  Harold (D:11)
  Erolcha (D:11)
  9 hydras
  A centaur warrior (D:12)
  A boulder beetle (D:11)
  4 two-headed ogres
  A catoblepas (D:13)
  22 death yaks
  3 thrashing horrors (Lair:5)
  A harpy (shapeshifter) (D:13)
  A manticore (D:12)
  2 cyclopes (D:12)
  2 ugly things (Lair:5)
  9 elephants
  3 black mambas
  5 smoke demons (Lair:5)
  14 cane toads
  2 torpor snails (Lair:5)
  An unseen horror (D:11)
  5 rime drakes
  7 komodo dragons
  A yaktaur (D:11)
  3 polar bears
  A raiju (Lair:5)
  11 blink frogs
  2 dream sheep (Lair:1)
  6 slime creatures
  3 vampires
  Sigmund (D:5)
  2 large abominations (Lair:5)
  2 shadows
  A spriggan (Lair:5)
  A basilisk (shapeshifter) (Lair:5)
  7 wyverns
  A wraith (D:11)
  9 basilisks
  52 yaks
  2 steam dragons
  11 small abominations (Lair:5)
  3 vampire mosquitoes (D:12)
  2 nagas (Lair:2)
  19 water moccasins
  3 acid dragons
  7 orc warriors
  4 black bears
  3 centaurs
  A phantom (D:7)
  14 bullfrogs
  3 scorpions
  10 wights
  8 killer bees
  7 howler monkeys
  6 crimson imps (D:8)
  2 hounds (D:5)
  5 jellies
  8 orc priests
  3 sleepcaps
  3 iguanas
  10 orc wizards
  7 hell rats (Lair:5)
  Robin (D:4)
  3 adders
  2 shadow imps
  5 white imps
  3 dart slugs
  63 orcs
  7 endoplasms
  5 giant cockroaches
  12 goblins
  12 hobgoblins
  2 jackals (D:4)
  4 quokkas
  10 ball pythons
  6 bats
  3 frilled lizards
  6 kobolds
  2 rats (D:1)
486 creatures vanquished.

Notes
Turn   | Place    | Note
-------+----------+-------------------------------------------
     0 | D:1      | qw the Gargoyle Hunter began the quest for the Orb.
     0 | D:1      | Reached XP level 1. HP: 12/12 MP: 1/1
     0 | D:1      | 0 ||| qw: Version: 0.3-a-76-g4403597
     0 | D:1      | 0 ||| qw: Game counter: 681
     0 | D:1      | 0 ||| qw: Melee chars always use a shield: true
     0 | D:1      | 0 ||| qw: God list: Okawaru
     0 | D:1      | 0 ||| qw: Allow faded altars: false
     0 | D:1      | 0 ||| qw: Do Orc after clearing Dungeon:15 true
     0 | D:1      | 0 ||| qw: Do second Lair branch before Depths: true
     0 | D:1      | 0 ||| qw: Lair rune preference: random
     0 | D:1      | 0 ||| qw: Goals: Normal
     0 | D:1      | 0 ||| PLANNING D:1-11
    83 | D:1      | Reached XP level 2. HP: 17/17 MP: 2/2
   296 | D:1      | Reached XP level 3. HP: 21/21 MP: 3/3
   337 | D:1      | Reached skill level 5 in Ranged Weapons
   677 | D:1      | 677 ||| UPGRADING to amulet of reflection.
   682 | D:1      | 682 ||| READING scroll labelled QIATOE UFIDIJA.
   683 | D:1      | 683 ||| READING 3 scrolls labelled LIATYGHUSMI.
   684 | D:1      | 684 ||| READING scroll labelled TARRUUVIUV.
   685 | D:1      | 685 ||| READING 2 scrolls of identify.
   685 | D:1      | 685 ||| IDENTIFYING fizzy clear potion
   686 | D:1      | 686 ||| DROPPING scroll of butterflies.
   777 | D:2      | Found a faded altar of an unknown god.
   917 | D:2      | Reached skill level 3 in Fighting
  1107 | D:2      | Reached XP level 4. HP: 23/28 MP: 4/4
  1365 | D:2      | 1365 ||| UPGRADING to ring of protection from fire.
  1366 | D:2      | 1366 ||| READING scroll labelled NUTRACW OPNU.
  1386 | D:2      | 1386 ||| READING 3 scrolls of identify.
  1386 | D:2      | 1386 ||| IDENTIFYING cyan potion
  1387 | D:2      | 1387 ||| READING 2 scrolls of identify.
  1387 | D:2      | 1387 ||| IDENTIFYING bubbling black potion
  1388 | D:2      | 1388 ||| DROPPING potion of lignification.
  1773 | D:3      | 1773 ||| READING scroll of enchant weapon.
  1773 | D:3      | 1773 ||| ENCHANTING +1 shortbow.
  1793 | D:3      | Found a shadowy altar of Dithmenos.
  1795 | D:3      | Found a sacrificial altar of Ru.
  1907 | D:3      | Identified the +0 cloak "Ivon" {rF+ Regen+ Dex+5}
  2117 | D:3      | 2117 ||| UPGRADING to +0 ring mail of cold resistance.
  2127 | D:3      | 2127 ||| DROPPING +0 leather armour.
  2128 | D:3      | 2128 ||| UPGRADING to +0 pair of gloves.
  2133 | D:3      | 2133 ||| UPGRADING to +0 cloak "Ivon" {rF+ Regen+ Dex+5}.
  2138 | D:3      | 2138 ||| DROPPING amulet of regeneration.
  2139 | D:3      | 2139 ||| READING scroll labelled EHIVET VUFOB.
  2142 | D:3      | 2142 ||| DRINKING 2 blue potions.
  2199 | D:4      | Identified the +6 hand axe "Dimeziuwk" {freeze, rN+++ MP+9
                  | Str+3 Dex-2}
  2229 | D:4      | Found Fipaeboph's Armour Shoppe.
  2236 | D:4      | 2236 ||| BUYING +0 pair of boots (63 gold).
  2236 | D:4      | Bought a +0 pair of boots for 63 gold pieces
  2236 | D:4      | 2236 ||| SHOPLISTING +1 ring mail of willpower (224 gold,
                  | have 92).
  2261 | D:4      | Noticed Robin
  2262 | D:4      | 2262 ||| Stepping ~*~*~tactically~*~*~ (outnumbered).
  2264 | D:4      | 2264 ||| Stepping ~*~*~tactically~*~*~ (outnumbered).
  2267 | D:4      | 2267 ||| Stepping ~*~*~tactically~*~*~ (outnumbered).
  2278 | D:4      | Reached skill level 1 in Armour
  2291 | D:4      | Killed Robin
  2292 | D:4      | Reached XP level 5. HP: 19/32 MP: 5/5
  2318 | D:4      | Found a blossoming altar of Fedhas.
  2725 | D:4      | Found a staircase to the Ecumenical Temple.
  2726 | D:4      | 2726 ||| PLANNING TEMPLE
  2732 | D:4      | 2732 ||| UPGRADING to +0 pair of boots.
  2737 | D:4      | 2737 ||| UPGRADING to +2 helmet.
  2742 | D:4      | 2742 ||| READING 2 scrolls of identify.
  2742 | D:4      | 2742 ||| IDENTIFYING grey potion
  2743 | D:4      | 2743 ||| DROPPING potion of degeneration.
  2748 | Temple   | Entered the Ecumenical Temple
  2749 | Temple   | 2749 ||| PLANNING OKAWARU WORSHIP
  2766 | Temple   | Became a worshipper of Warmaster Okawaru
  2767 | Temple   | 2767 ||| PLANNING D:1-11
  2794 | D:4      | Found a burning altar of Makhleb.
  2907 | D:5      | Entered Level 5 of the Dungeon
  2953 | D:5      | Noticed Sigmund
  2967 | D:5      | Killed Sigmund
  2967 | D:5      | Reached * piety under Okawaru
  2968 | D:5      | Reached skill level 7 in Ranged Weapons
  2968 | D:5      | Reached XP level 6. HP: 35/37 MP: 6/6
  3120 | D:5      | Reached skill level 1 in Invocations
  3247 | D:5      | Reached XP level 7. HP: 42/42 MP: 8/8
  3356 | D:5      | 3356 ||| READING scroll of enchant weapon.
  3356 | D:5      | 3356 ||| ENCHANTING +2 shortbow.
  3573 | D:5      | 3573 ||| UPGRADING to +2 robe of resistance.
  3583 | D:5      | 3583 ||| DROPPING +0 ring mail of cold resistance.
  3584 | D:5      | 3584 ||| READING scroll labelled COUHAPT RAKH.
  3585 | D:5      | 3585 ||| READING scroll labelled ZYCROXZU HEYME.
  3586 | D:5      | 3586 ||| DRINKING 2 bubbling blue potions.
  3630 | D:6      | 3630 ||| INVOKING Heroism.
  3673 | D:6      | Found a hide-covered altar of Uskayaw.
  3735 | D:6      | Reached skill level 3 in Invocations
  3748 | D:6      | Found Jueptil's Specific Store.
  3757 | D:6      | Reached ** piety under Okawaru
  3759 | D:6      | Found Achevvo's General Store.
  3767 | D:6      | 3767 ||| BUYING +0 longbow (97 gold).
  3767 | D:6      | Bought a +0 longbow for 97 gold pieces
  3767 | D:6      | 3767 ||| SWAPPING to +0 longbow.
  3768 | D:6      | 3768 ||| DROPPING +3 shortbow.
  3777 | D:6      | 3777 ||| RETREATING.
  3778 | D:6      | 3778 ||| Stepping ~*~*~tactically~*~*~ (retreating).
  3780 | D:6      | 3780 ||| INVOKING Heroism.
  3815 | D:6      | Reached XP level 8. HP: 48/48 MP: 11/11
  3831 | D:6      | 3831 ||| READING scroll of enchant weapon.
  3831 | D:6      | 3831 ||| ENCHANTING +0 longbow.
  3850 | D:6      | 3850 ||| INVOKING Heroism.
  3875 | D:6      | 3875 ||| INVOKING Heroism.
  4106 | D:6      | 4106 ||| Stepping ~*~*~tactically~*~*~ (retreating).
  4108 | D:6      | 4108 ||| Stepping ~*~*~tactically~*~*~ (retreating).
  4111 | D:6      | Reached skill level 8 in Ranged Weapons
  4118 | D:6      | 4118 ||| Stepping ~*~*~tactically~*~*~ (retreating).
  4119 | D:6      | 4119 ||| Stepping ~*~*~tactically~*~*~ (retreating).
  4120 | D:6      | 4120 ||| Stepping ~*~*~tactically~*~*~ (retreating).
  4121 | D:6      | 4121 ||| INVOKING Heroism.
  4292 | D:6      | 4292 ||| READING scroll labelled HEHYGH JUASIE.
  4293 | D:6      | 4293 ||| READING scroll labelled COYTAICKIMAZ.
  4320 | D:7      | 4320 ||| INVOKING Heroism.
  4344 | D:7      | Found a hazy altar of Hepliaklqana.
  4411 | D:7      | 4411 ||| Stepping ~*~*~tactically~*~*~ (outnumbered).
  4413 | D:7      | 4413 ||| INVOKING Heroism.
  4414 | D:7      | 4414 ||| Stepping ~*~*~tactically~*~*~ (retreating).
  4418 | D:7      | Reached skill level 9 in Ranged Weapons
  4481 | D:7      | 4481 ||| INVOKING Heroism.
  4490 | D:7      | Reached skill level 3 in Dodging
  4491 | D:7      | Noticed a yak
  4494 | D:7      | Noticed a yak
  4495 | D:7      | 4495 ||| RETREATING.
  4496 | D:7      | Noticed a yak
  4499 | D:7      | Noticed a yak
  4499 | D:7      | 4499 ||| Stepping ~*~*~tactically~*~*~ (retreating).
  4503 | D:7      | 4503 ||| Stepping ~*~*~tactically~*~*~ (retreating).
  4504 | D:7      | Killed a yak
  4505 | D:7      | Reached skill level 6 in Fighting
  4505 | D:7      | Reached XP level 9. HP: 55/55 MP: 12/12
  4521 | D:7      | Reached skill level 10 in Ranged Weapons
  4522 | D:7      | 4522 ||| INVOKING Heroism.
  4554 | D:7      | Found Xocsyj's CLEARANCE SALE!.
  4573 | D:7      | Found a broken altar of Ashenzari.
  4609 | D:7      | 4609 ||| RETREATING.
  5037 | D:7      | 5037 ||| RETREATING.
  5698 | D:8      | Reached *** piety under Okawaru
  5726 | D:8      | 5726 ||| INVOKING Heroism.
  5728 | D:8      | Reached skill level 11 in Ranged Weapons
  5734 | D:8      | Reached XP level 10. HP: 63/63 MP: 11/13
  5939 | D:8      | 5939 ||| INVOKING Heroism.
  6262 | D:8      | 6262 ||| INVOKING Heroism.
  6347 | D:8      | 6347 ||| Stepping ~*~*~tactically~*~*~ (retreating).
  6348 | D:8      | 6348 ||| Stepping ~*~*~tactically~*~*~ (outnumbered).
  6350 | D:8      | 6350 ||| Stepping ~*~*~tactically~*~*~ (outnumbered).
  6543 | D:9      | Noticed a two-headed ogre
  6544 | D:9      | 6544 ||| STAIRDANCE
  6546 | D:8      | 6546 ||| INVOKING Heroism.
  6564 | D:9      | 6564 ||| STAIRDANCE
  6566 | D:8      | 6566 ||| INVOKING Heroism.
  6578 | D:8      | Killed a two-headed ogre
  6579 | D:8      | Reached skill level 12 in Ranged Weapons
  6580 | D:8      | 6580 ||| INVOKING Heroism.
  6619 | D:9      | Noticed Gastronok
  6620 | D:9      | 6620 ||| STAIRDANCE
  6635 | D:9      | 6635 ||| STAIRDANCE
  6640 | D:8      | Reached skill level 3 in Armour
  6648 | D:9      | 6648 ||| STAIRDANCE
  6654 | D:9      | 6654 ||| STAIRDANCE
  6658 | D:8      | 6658 ||| INVOKING Heroism.
  6676 | D:9      | 6676 ||| STAIRDANCE
  6701 | D:9      | 6701 ||| STAIRDANCE
  6716 | D:9      | 6716 ||| INVOKING Heroism.
  6730 | D:9      | 6730 ||| STAIRDANCE
  6736 | D:8      | Killed Gastronok
  6736 | D:8      | Reached **** piety under Okawaru
  6737 | D:8      | Reached skill level 6 in Dodging
  6839 | D:8      | 6839 ||| UPGRADING to +2 hat of willpower.
  6855 | D:9      | Reached XP level 11. HP: 68/68 MP: 14/14
  6863 | D:9      | Found a staircase to the Lair.
  7043 | D:9      | 7043 ||| INVOKING Heroism.
  7095 | D:9      | Found Nukh's Assorted Antiques.
  7108 | D:9      | 7108 ||| BUYING metallic silvery potion (23 gold).
  7108 | D:9      | Bought a metallic silvery potion for 23 gold pieces
  7234 | D:9      | 7234 ||| PLANNING LAIR
  7234 | D:9      | 7234 ||| READING scroll labelled CEJECOIGODD.
  7235 | D:9      | 7235 ||| READING scroll labelled GUHUZI SATTIA.
  7253 | Lair:1   | Entered Level 1 of the Lair of Beasts
  7254 | Lair:1   | 7254 ||| INVOKING Heroism.
  7314 | Lair:1   | 7314 ||| READING scroll of enchant armour.
  7314 | Lair:1   | 7314 ||| ENCHANTING +0 pair of gloves.
  7365 | Lair:1   | 7365 ||| RETREATING.
  7371 | Lair:1   | 7371 ||| Stepping ~*~*~tactically~*~*~ (retreating).
  7372 | Lair:1   | 7372 ||| Stepping ~*~*~tactically~*~*~ (retreating).
  7373 | Lair:1   | 7373 ||| Stepping ~*~*~tactically~*~*~ (retreating).
  7374 | Lair:1   | 7374 ||| Stepping ~*~*~tactically~*~*~ (retreating).
  7375 | Lair:1   | 7375 ||| Stepping ~*~*~tactically~*~*~ (retreating).
  7376 | Lair:1   | 7376 ||| Stepping ~*~*~tactically~*~*~ (retreating).
  7377 | Lair:1   | 7377 ||| Stepping ~*~*~tactically~*~*~ (retreating).
  7378 | Lair:1   | 7378 ||| Stepping ~*~*~tactically~*~*~ (retreating).
  7379 | Lair:1   | 7379 ||| Stepping ~*~*~tactically~*~*~ (retreating).
  7380 | Lair:1   | 7380 ||| Stepping ~*~*~tactically~*~*~ (retreating).
  7381 | Lair:1   | 7381 ||| Stepping ~*~*~tactically~*~*~ (retreating).
  7386 | Lair:1   | 7386 ||| INVOKING Heroism.
  7408 | Lair:1   | Reached ***** piety under Okawaru
  7408 | Lair:1   | Received a gift from Okawaru
  7413 | Lair:1   | Reached skill level 6 in Invocations
  7421 | Lair:1   | 7421 ||| INVOKING Heroism.
  7440 | Lair:1   | Reached skill level 13 in Ranged Weapons
  7452 | Lair:1   | Received a gift from Okawaru
  7487 | Lair:1   | 7487 ||| RETREATING.
  7502 | Lair:1   | 7502 ||| RETREATING.
  7504 | Lair:1   | 7504 ||| INVOKING Heroism.
  7527 | Lair:1   | 7527 ||| INVOKING Heroism.
  7543 | Lair:1   | Noticed a death yak
  7544 | Lair:1   | 7544 ||| DRINKING 2 ruby potions.
  7549 | Lair:1   | 7549 ||| RETREATING.
  7553 | Lair:1   | 7553 ||| Stepping ~*~*~tactically~*~*~ (retreating).
  7555 | Lair:1   | 7555 ||| Stepping ~*~*~tactically~*~*~ (retreating).
  7557 | Lair:1   | 7557 ||| Stepping ~*~*~tactically~*~*~ (retreating).
  7558 | Lair:1   | 7558 ||| INVOKING Heroism.
  7559 | Lair:1   | 7559 ||| INVOKING Finesse.
  7569 | Lair:1   | Killed a death yak
  7570 | Lair:1   | Reached skill level 9 in Fighting
  7787 | Lair:1   | 7787 ||| INVOKING Heroism.
  8089 | Lair:1   | 8089 ||| INVOKING Heroism.
  8090 | Lair:1   | 8090 ||| RETREATING.
  8100 | Lair:1   | Reached XP level 12. HP: 76/76 MP: 16/18
  8129 | Lair:1   | Noticed an eight-headed hydra
  8129 | Lair:1   | Noticed a death yak
  8130 | Lair:1   | 8130 ||| READING 2 scrolls of identify.
  8130 | Lair:1   | 8130 ||| IDENTIFYING metallic silvery potion
  8131 | Lair:1   | 8131 ||| RETREATING.
  8134 | Lair:1   | 8134 ||| INVOKING Heroism.
  8137 | Lair:1   | 8137 ||| INVOKING Finesse.
  8142 | Lair:1   | Killed an eight-headed hydra
  8143 | Lair:1   | Reached skill level 9 in Invocations
  8155 | Lair:1   | Killed a death yak
  8197 | Lair:1   | 8197 ||| INVOKING Heroism.
  8360 | Lair:1   | 8360 ||| READING scroll of enchant weapon.
  8360 | Lair:1   | 8360 ||| ENCHANTING +1 longbow.
  8553 | Lair:2   | Found a staircase to the Snake Pit.
  8554 | Lair:2   | 8554 ||| Stepping ~*~*~tactically~*~*~ (outnumbered).
  8556 | Lair:2   | 8556 ||| Stepping ~*~*~tactically~*~*~ (outnumbered).
  8560 | Lair:2   | 8560 ||| Stepping ~*~*~tactically~*~*~ (outnumbered).
  8562 | Lair:2   | 8562 ||| Stepping ~*~*~tactically~*~*~ (retreating).
  8564 | Lair:2   | 8564 ||| Stepping ~*~*~tactically~*~*~ (retreating).
  8585 | Lair:2   | 8585 ||| READING scroll of enchant armour.
  8585 | Lair:2   | 8585 ||| ENCHANTING +1 pair of gloves.
  8604 | Lair:2   | Noticed a five-headed hydra
  8605 | Lair:2   | 8605 ||| RETREATING.
  8608 | Lair:2   | Received a gift from Okawaru
  8609 | Lair:2   | Reached skill level 14 in Ranged Weapons
  8609 | Lair:2   | 8609 ||| INVOKING Heroism.
  8618 | Lair:2   | Killed a five-headed hydra
  8665 | Lair:2   | 8665 ||| SWAPPING to +2 longbow of flaming.
  8666 | Lair:2   | 8666 ||| DROPPING +2 longbow.
  8725 | Lair:2   | Noticed a death yak
  8726 | Lair:2   | 8726 ||| INVOKING Heroism.
  8728 | Lair:2   | 8728 ||| INVOKING Finesse.
  8728 | Lair:2   | Noticed a death yak
  8730 | Lair:2   | 8730 ||| RETREATING.
  8735 | Lair:2   | Killed a death yak
  8742 | Lair:2   | Noticed a death yak
  8743 | Lair:2   | 8743 ||| Stepping ~*~*~tactically~*~*~ (retreating).
  8743 | Lair:2   | Noticed a death yak
  8746 | Lair:2   | Killed a death yak
  8756 | Lair:2   | Killed a death yak
  8757 | Lair:2   | Noticed a death yak
  8765 | Lair:2   | Killed a death yak
  8770 | Lair:2   | Killed a death yak
  8852 | Lair:2   | 8852 ||| INVOKING Heroism.
  8949 | Lair:2   | 8949 ||| INVOKING Heroism.
  9348 | Lair:2   | 9348 ||| READING scroll labelled ITHROA UNIQ.
  9349 | Lair:2   | 9349 ||| READING scroll labelled XUPPULIRYOL.
  9392 | Lair:3   | Found a staircase to the Shoals.
  9497 | Lair:3   | Reached skill level 15 in Ranged Weapons
  9506 | Lair:3   | 9506 ||| INVOKING Heroism.
  9528 | Lair:3   | 9528 ||| RETREATING.
  9547 | Lair:3   | 9547 ||| RETREATING.
  9552 | Lair:3   | Reached XP level 13. HP: 73/82 MP: 20/20
  9553 | Lair:3   | 9553 ||| INVOKING Heroism.
  9671 | Lair:3   | 9671 ||| RETREATING.
  9675 | Lair:3   | Reached skill level 16 in Ranged Weapons
  9824 | Lair:3   | 9824 ||| RETREATING.
  9826 | Lair:3   | 9826 ||| Stepping ~*~*~tactically~*~*~ (retreating).
  9827 | Lair:3   | 9827 ||| Stepping ~*~*~tactically~*~*~ (retreating).
  9828 | Lair:3   | 9828 ||| Stepping ~*~*~tactically~*~*~ (retreating).
  9829 | Lair:3   | 9829 ||| Stepping ~*~*~tactically~*~*~ (retreating).
  9830 | Lair:3   | 9830 ||| Stepping ~*~*~tactically~*~*~ (retreating).
  9832 | Lair:3   | 9832 ||| Stepping ~*~*~tactically~*~*~ (retreating).
 10193 | Lair:3   | 10193 ||| READING 2 scrolls of identify.
 10193 | Lair:3   | 10193 ||| IDENTIFYING sedimented purple potion
 10194 | Lair:3   | 10194 ||| DROPPING potion of attraction.
 10287 | Lair:4   | 10287 ||| INVOKING Heroism.
 10345 | Lair:4   | 10345 ||| INVOKING Heroism.
 10346 | Lair:4   | 10346 ||| INVOKING Finesse.
 10352 | Lair:4   | 10352 ||| RETREATING.
 10365 | Lair:4   | Identified the +5 arbalest of the Volcano {drain, Will+
                  | Str-3 Int+5} (Okawaru gifted it to you on level 4 of the
                  | Lair of Beasts)
 10365 | Lair:4   | Received a gift from Okawaru
 10404 | Lair:4   | 10404 ||| DROPPING +5 arbalest of the Volcano {drain, Will+
                  | Str-3 Int+5}.
 10451 | Lair:4   | 10451 ||| RETREATING.
 10457 | Lair:4   | 10457 ||| Stepping ~*~*~tactically~*~*~ (retreating).
 10464 | Lair:4   | 10464 ||| Stepping ~*~*~tactically~*~*~ (retreating).
 10486 | Lair:4   | Found a staircase to the Slime Pits.
 10486 | Lair:4   | Found a viscous altar of Jiyva.
 10768 | Lair:4   | 10768 ||| INVOKING Heroism.
 11048 | Lair:4   | 11048 ||| INVOKING Heroism.
 11336 | Lair:5   | Entered Level 5 of the Lair of Beasts
 11337 | Lair:5   | 11337 ||| RETREATING.
 11340 | Lair:5   | 11340 ||| Stepping ~*~*~tactically~*~*~ (retreating).
 11341 | Lair:5   | 11341 ||| Stepping ~*~*~tactically~*~*~ (retreating).
 11342 | Lair:5   | 11342 ||| Stepping ~*~*~tactically~*~*~ (retreating).
 11343 | Lair:5   | 11343 ||| Stepping ~*~*~tactically~*~*~ (retreating).
 11344 | Lair:5   | 11344 ||| Stepping ~*~*~tactically~*~*~ (retreating).
 11345 | Lair:5   | 11345 ||| Stepping ~*~*~tactically~*~*~ (retreating).
 11346 | Lair:5   | 11346 ||| Stepping ~*~*~tactically~*~*~ (retreating).
 11386 | Lair:5   | 11386 ||| INVOKING Heroism.
 11425 | Lair:5   | 11425 ||| RETREATING.
 11426 | Lair:5   | 11426 ||| Stepping ~*~*~tactically~*~*~ (retreating).
 11427 | Lair:5   | 11427 ||| Stepping ~*~*~tactically~*~*~ (retreating).
 11441 | Lair:5   | 11441 ||| INVOKING Heroism.
 11445 | Lair:5   | Reached skill level 17 in Ranged Weapons
 11557 | Lair:5   | 11557 ||| Stepping ~*~*~tactically~*~*~ (retreating).
 11562 | Lair:5   | 11562 ||| Stepping ~*~*~tactically~*~*~ (retreating).
 11567 | Lair:5   | 11567 ||| Stepping ~*~*~tactically~*~*~ (outnumbered).
 11586 | Lair:5   | 11586 ||| INVOKING Heroism.
 11590 | Lair:5   | Received a gift from Okawaru
 11824 | Lair:5   | 11824 ||| INVOKING Heroism.
 11856 | Lair:5   | Identified the +3 ring mail of Tejuar {-Tele rPois Str+3
                  | Stlth+} (Okawaru gifted it to you on level 5 of the Lair of
                  | Beasts)
 11856 | Lair:5   | Received a gift from Okawaru
 11857 | Lair:5   | Gained mutation: Your large and strong wings let you fly.
                  | [Gargoyle growth]
 11857 | Lair:5   | Reached XP level 14. HP: 90/90 MP: 21/21
 11928 | Lair:5   | 11928 ||| INVOKING Heroism.
 11990 | Lair:5   | Reached skill level 18 in Ranged Weapons
 12043 | Lair:5   | 12043 ||| INVOKING Heroism.
 12044 | Lair:5   | 12044 ||| INVOKING Finesse.
 12063 | Lair:5   | 12063 ||| RETREATING.
 12066 | Lair:5   | 12066 ||| Stepping ~*~*~tactically~*~*~ (retreating).
 12067 | Lair:5   | 12067 ||| Stepping ~*~*~tactically~*~*~ (retreating).
 12068 | Lair:5   | 12068 ||| Stepping ~*~*~tactically~*~*~ (retreating).
 12069 | Lair:5   | 12069 ||| Stepping ~*~*~tactically~*~*~ (retreating).
 12070 | Lair:5   | 12070 ||| Stepping ~*~*~tactically~*~*~ (retreating).
 12071 | Lair:5   | 12071 ||| Stepping ~*~*~tactically~*~*~ (retreating).
 12072 | Lair:5   | 12072 ||| Stepping ~*~*~tactically~*~*~ (retreating).
 12073 | Lair:5   | 12073 ||| Stepping ~*~*~tactically~*~*~ (retreating).
 12089 | Lair:5   | Reached skill level 12 in Fighting
 12186 | Lair:5   | 12186 ||| FLEEEEING.
 12188 | Lair:5   | 12188 ||| FLEEEEING.
 12190 | Lair:5   | 12190 ||| FLEEEEING.
 12192 | Lair:5   | 12192 ||| INVOKING Heroism.
 12203 | Lair:5   | Found a snail-covered altar of Cheibriados.
 12240 | Lair:5   | 12240 ||| FLEEEEING.
 12242 | Lair:5   | 12242 ||| INVOKING Heroism.
 12356 | Lair:5   | 12356 ||| Stepping ~*~*~tactically~*~*~ (retreating).
 12403 | Lair:5   | 12403 ||| RETREATING.
 12407 | Lair:5   | 12407 ||| Stepping ~*~*~tactically~*~*~ (retreating).
 12408 | Lair:5   | 12408 ||| Stepping ~*~*~tactically~*~*~ (retreating).
 12410 | Lair:5   | 12410 ||| Stepping ~*~*~tactically~*~*~ (retreating).
 12438 | Lair:5   | Identified the +3 shortbow of the Egg {drain, +Blink}
                  | (Okawaru gifted it to you on level 5 of the Lair of Beasts)
 12438 | Lair:5   | Received a gift from Okawaru
 12550 | Lair:5   | 12550 ||| INVOKING Heroism.
 12747 | Lair:5   | Reached skill level 19 in Ranged Weapons
 12762 | Lair:5   | Found a corrupted altar of Lugonu.
 12762 | Lair:5   | Found a one-way gate to the infinite horrors of the Abyss.
 12767 | Lair:5   | Received a gift from Okawaru
 12767 | Lair:5   | Found the +1 robe of Vines {NoPotionHeal Regen++++}
 13027 | Lair:5   | 13027 ||| PLANNING D:1-11
 13027 | Lair:5   | 13027 ||| DROPPING +3 ring mail of Tejuar {-Tele rPois
                  | Str+3 Stlth+}.
 13028 | Lair:5   | 13028 ||| UPGRADING to +1 robe of Vines {NoPotionHeal
                  | Regen++++}.
 13038 | Lair:5   | 13038 ||| DROPPING +2 robe of resistance.
 13039 | Lair:5   | 13039 ||| DROPPING amulet of the acrobat.
 13040 | Lair:5   | 13040 ||| READING scroll labelled QUPTIO JAXTYP.
 13041 | Lair:5   | 13041 ||| READING 4 scrolls of identify.
 13041 | Lair:5   | 13041 ||| IDENTIFYING lumpy white potion
 13042 | Lair:5   | 13042 ||| DROPPING potion of invisibility.
 13136 | D:10     | Entered Level 10 of the Dungeon
 13417 | D:10     | 13417 ||| STAIRDANCE
 13422 | D:9      | 13422 ||| DROPPING amulet of magic regeneration.
 13595 | D:10     | Found a runed translucent gate.
 13595 | D:10     | Found a runed translucent gate.
 13597 | D:10     | Found a runed translucent gate.
 13600 | D:10     | Noticed qw's ghost (journeyman GrHu)
 13953 | D:11     | Noticed Erolcha
 13954 | D:11     | 13954 ||| INVOKING Heroism.
 13955 | D:11     | 13955 ||| INVOKING Finesse.
 13957 | D:11     | Killed Erolcha
 14072 | D:11     | 14072 ||| INVOKING Heroism.
 14073 | D:11     | 14073 ||| INVOKING Finesse.
 14278 | D:11     | Noticed Harold
 14280 | D:11     | Killed Harold
 14281 | D:11     | Reached XP level 15. HP: 98/98 MP: 22/22
 14666 | D:11     | 14666 ||| PLANNING D
 14710 | D:12     | 14710 ||| STAIRDANCE
 14739 | D:12     | Found a staircase to the Orcish Mines.
 14747 | D:12     | 14747 ||| FLEEEEING.
 14758 | D:12     | 14758 ||| Stepping ~*~*~tactically~*~*~ (outnumbered).
 14819 | D:12     | 14819 ||| Stepping ~*~*~tactically~*~*~ (outnumbered).
 14846 | D:12     | Noticed Plazmod's ghost (journeyman DECj)
 14900 | D:12     | 14900 ||| Stepping ~*~*~tactically~*~*~ (outnumbered).
 15011 | D:12     | Found a runed translucent gate.
 15011 | D:12     | Found a runed translucent gate.
 15012 | D:12     | Found a runed translucent gate.
 15249 | D:12     | 15249 ||| RETREATING.
 15255 | D:12     | 15255 ||| INVOKING Heroism.
 15364 | D:12     | Found a hazy altar of Hepliaklqana.
 15491 | D:13     | 15491 ||| STAIRDANCE
 15496 | D:12     | Reached skill level 9 in Dodging
 15516 | D:13     | 15516 ||| STAIRDANCE
 15539 | D:13     | 15539 ||| STAIRDANCE
 15570 | D:13     | 15570 ||| STAIRDANCE
 15674 | D:13     | 15674 ||| INVOKING Heroism.
 15678 | D:13     | HP: 14/98 [very large slime creature (47)]
 15679 | D:13     | 15679 ||| READING 4 scrolls of teleportation.
 15679 | D:13     | Annihilated by a very large slime creature

Levels and vault maps discovered:
D:1:      sevenhm_arrival_forest_fort_large_4, layout_basic
D:2:      layout_loops_ring, hellmonk_ecumenical_altar_pennies_from_heaven,
          kennysheep_generic_room_2
D:3:      layout_loops_ring, mainiacjoe_overflow_catwalk_spiral,
          hangedman_abyss_or_decor_lesser_grid, kennysheep_cross_room,
          dreamdust_princess_corridor, grunt_decor_mini_mirrors
D:4:      layout_gridville, fedhas_ov_isle_minmay,
          mainiacjoe_overflow_six_doors_small, minmay_temple_entry_glassed_door,
          serial_shops, nicolae_diamond_shop, uniq_robin
D:5:      layout_gridville, uniq_sigmund
D:6:      layout_loops_ring, nicolae_uskayaw_suspiria, nicolae_specific_store
D:7:      layout_layer_cave, ashenzari_conservatory_becter,
          mainiacjoe_overflow_concentric_impassable, nicolae_shop_clearance
D:8:      layout_basic, minmay_nine_imps
D:9:      layout_rooms, due_lair_maze_entry_diamond, serial_shops, shop,
          item_on_display_a, uniq_gastronok
D:10:     layout_loops_ring, gammafunk_ghost_spectres
D:11:     layout_irregular_city, nrook_campfire, uniq_erolcha, uniq_harold
D:12:     layout_roguey, hiddenorc2_lemuel, maelrawn_ghost_gauntlet_escape,
          minmay_misc_feat_plants, nicolae_hepliaklqana_hippocampus
D:13:     layout_rooms
Temple:   hellmonk_temple_of_storms
Lair:1:   layout_hall_layers, minmay_shattered_shrine, serial_bayou_shore_b,
          grunt_megastairs_5
Lair:2:   layout_roguey, guppyfry_snake_entry_island
Lair:3:   layout_small_grid, shoals_dummy_entry, nicolae_volcano_entry_s_turn,
          infiniplex_staircase_pool_2, grunt_megastairs_2
Lair:4:   layout_concentric_octagons, minmay_slime_entry_pillars, serial_forest,
          infiniplex_forest_clump_double, infiniplex_forest_fountain,
          infiniplex_forest_lined_room_2, infiniplex_forest_clump_tiny,
          infiniplex_forest_end_2, infiniplex_forest_clump_curved,
          infiniplex_forest_corner_1, infiniplex_forest_lined_3,
          serial_bayou_ford_a
Lair:5:   hellmonk_lair_end_abyssal_woods, layout_layer_cave,
          kennysheep_snail_temple

Skill      XL: |  1  2  3  4  5  6  7  8  9 10 11 12 13 14 15 |
---------------+----------------------------------------------+-----
Ranged Weapons | 5 7 9 11 12 13 15 17 19 | 19.3
Fighting       | 3 4 6 7 8 9 10 11 13 | 13.0
Armour         | 1 2 3 4 |  4.1
Invocations    | 1 4 8 10 | 10.1
Dodging        | 2 3 4 6 7 8 9 |  9.0
Stealth        | |  1.1

Action                     |  1- 3 |  4- 6 |  7- 9 | 10-12 | 13-15 || total
---------------------------+-------+-------+-------+-------+-------++-------
   Fire: Shortbow          |   137 |   124 |    37 |       |       ||   298
         Longbow           |       |       |   180 |   530 |   717 ||  1427
 Invoke: Heroism           |       |       |    10 |    23 |    18 ||    51
         Finesse           |       |       |       |     3 |     4 ||     7
    Use: Scroll            |     4 |     6 |     6 |     8 |     4 ||    28
         Potion            |       |     1 |     1 |     1 |       ||     3
 Armour: Leather armour    |    35 |     2 |       |       |       ||    37
         Ring mail         |       |    40 |     1 |       |       ||    41
         Robe              |       |       |    55 |   196 |   137 ||   388
  Dodge: Dodged            |    41 |    38 |    65 |   263 |   202 ||   609
  Block: Other             |       |    19 |    25 |    74 |    51 ||   169
         Reflection        |       |       |     2 |       |       ||     2

Table legend:
 A = Non-vault XP
 B = Vault XP
 C = Vault XP percentage of total XP
 D = Non-vault monster count
 E = Vault monster count
 F = Vault count percentage of total count
                 A         B        C        D         E       F
            +---------+---------+-------+---------+---------+-------
      Total |   67340 |   28553 |  29.8 |     341 |     145 |  29.8
            +---------+---------+-------+---------+---------+-------
        D:1 |      49 |       0 |   0.0 |      27 |       0 |   0.0
        D:2 |      41 |       2 |   4.7 |      16 |       1 |   5.9
        D:3 |      39 |       0 |   0.0 |      12 |       0 |   0.0
        D:4 |      29 |      37 |  56.1 |      11 |      12 |  52.2
        D:5 |     244 |     226 |  48.1 |       6 |       1 |  14.3
        D:6 |    1027 |       0 |   0.0 |      20 |       0 |   0.0
        D:7 |    2551 |       0 |   0.0 |      34 |       0 |   0.0
        D:8 |    2272 |    2524 |  52.6 |      27 |      15 |  35.7
        D:9 |     850 |     303 |  26.3 |      10 |       3 |  23.1
       D:10 |    2151 |       0 |   0.0 |      11 |       0 |   0.0
       D:11 |    3493 |    1788 |  33.9 |      14 |       3 |  17.6
       D:12 |    5931 |     337 |   5.4 |      24 |      31 |  56.4
       D:13 |    1742 |       0 |   0.0 |       4 |       0 |   0.0
     Lair:1 |    3320 |    8024 |  70.7 |      15 |      25 |  62.5
     Lair:2 |    7719 |     320 |   4.0 |      17 |       2 |  10.5
     Lair:3 |    4844 |    2159 |  30.8 |      20 |       8 |  28.6
     Lair:4 |    8466 |     553 |   6.1 |      16 |       4 |  20.0
     Lair:5 |   22572 |   12280 |  35.2 |      57 |      40 |  41.2
            +---------+---------+-------+---------+---------+-------
